 Dungeon Crawl Stone Soup version 0.31-a0-836-g3ceb0a68c4 (webtiles) character file.

Game seed: 17321243381065308877

35 LeprechaunX the Changeling (level 3, -1/23 HPs)
             Began as an Octopode Shapeshifter on Sept 26, 2023.
             Slain by Terence
             ... wielding a +0 trident
              (8 damage)
             ... on level 2 of the Dungeon.
             The game lasted 00:00:37 (668 turns).

LeprechaunX the Changeling (Octopode Shapeshifter)   Turns: 668, Time: 00:00:38

Health: -1/23      AC:  1    Str: 15    XL:     3   Next: 33%
Magic:  3/3        EV: 13    Int: 12    God:
Gold:   41         SH:  0    Dex: 11    Spells: 2/2 levels left

rFire   . .          .
                       - Unarmed
rCold   . . .        (no shield)
rNeg    . . .        (helmet currently unavailable)
rPois   .            (no amulet)
rElec   .            m - ring of see invisible
rCorr   .            (no ring)
SInv    +            (no ring)
Will    .....        (no ring)
Stlth   ++           (no ring)
HPRegen 0.23/turn    (no ring)
MPRegen 0.08/turn    (no ring)
                     (no ring)

%: no passive effects
@: beast-form
A: beast (slay +1), almost no armour, amphibious, 8 rings, camouflage 1,
gelatinous body 1, (nimble swimmer 1), tentacles
a: Begin Untransformation


You were on level 2 of the Dungeon.
You were a hulking beast.
You visited 1 branch of the dungeon, and saw 2 of its levels.

You collected 41 gold pieces.

Inventory:

Jewellery
 m - a ring of see invisible (left tentacle)
 n - an amulet of reflection
Talismans
 b - a beast talisman (active)
 c - a flux talisman
Scrolls
 e - 3 scrolls of fog {unknown}
 f - a scroll of blinking {unknown}
 g - a scroll of teleportation {unknown}
 h - a scroll of identify {unknown}
 j - a scroll of fear {unknown}
 k - a scroll of poison {unknown}
Potions
 a - a potion of lignification
 d - 3 potions of curing {unknown}
 i - a potion of mutation {unknown}
 l - a potion of berserk rage {unknown}


   Skills:
 + Level 1.6 Fighting
 + Level 2.4 Dodging
 + Level 3.2 Unarmed Combat
 * Level 3.4 Shapeshifting


You had 2 spell levels left.
You didn't know any spells.
Your spell library was empty.

Dungeon Overview and Level Annotations

Branches:
Dungeon (2/15)

Altars:

Annotations:
D:2 Terence


Innate Abilities, Weirdness & Mutations

You are a hulking beast.
Your limbs bulge with bestial killing power. (Slay +1)
You cannot wear most types of armour.
You are amphibious.
You can wear up to eight rings at the same time.
Your skin changes colour to match your surroundings (Stealth+).
Your rubbery body absorbs attacks. (AC +1, EV +1)
((You are camouflaged when in or above water. (Stealth+)))
You have tentacles for arms and can constrict up to eight enemies at once.


Message History

There is an open gate here.
There is a stone staircase leading down here.
You climb downwards.
Found 8 gold pieces and a sling.
There is a stone staircase leading up here.
Terence is nearby!
Terence is nearby!
Found 9 stones.
Terence shouts!
Terence barely misses you.
You closely miss Terence. You grab Terence. You squeeze Terence.
Terence is lightly wounded.
You constrict Terence, but do no damage.
Terence hits you with a +0 trident!
You tentacle-slap Terence but do no damage.
Terence is lightly wounded.
You constrict Terence. Terence barely misses you.
You tentacle-slap Terence but do no damage.
Terence is moderately wounded.
You constrict Terence. Terence misses you.
You tentacle-slap Terence but do no damage.
Terence is moderately wounded.
You constrict Terence. You tentacle-slap Terence.
Terence is heavily wounded.
You constrict Terence, but do no damage.
Terence hits you with a +0 trident!
* * * LOW HITPOINT WARNING * * *
An endoplasm comes into view.
You are too injured to fight recklessly!
You are too injured to fight recklessly!
The endoplasm quivers.
You tentacle-slap Terence but do no damage.
You squeeze Terence.
Terence is severely wounded.
You constrict Terence. Terence barely misses you.
You tentacle-slap Terence but do no damage.
Terence is severely wounded.
You constrict Terence. Terence hits you with a +0 trident!
You die...

## .. J
.#
###.#.#
#<$...#
#h#.###
#..@..#
###.#.#
#.#)#
#.# #
... ##.
(


You could see Terence and an endoplasm.

Vanquished Creatures
  A gnoll (D:1)
  A dart slug (D:1)
  3 ball pythons (D:1)
  2 endoplasms (D:1)
  A giant cockroach (D:1)
  4 goblins (D:1)
  2 hobgoblins (D:1)
  3 bats (D:1)
  2 kobolds (D:1)
  A rat (D:1)
20 creatures vanquished.

Notes
Turn   | Place    | Note
-------+----------+-------------------------------------------
     0 | D:1      | LeprechaunX the Octopode Shapeshifter began the quest for
                  | the Orb.
     0 | D:1      | Reached XP level 1. HP: 13/13 MP: 1/1
    57 | D:1      | Reached XP level 2. HP: 15/18 MP: 2/2
   200 | D:1      | Reached XP level 3. HP: 23/23 MP: 3/3
   660 | D:2      | Noticed Terence
   668 | D:2      | Slain by Terence

Illustrated notes

Levels and vault maps discovered:
D:1:      kennysheep_arrival_seaside, layout_basic, serial_corexii_hall,
          chequers_hall_statues_y, chequers_hall_statues_corner_a
D:2:      layout_loops_ring, ebering_ecumenical_altar_petrified,
          minmay_hexomino_u4, uniq_robin, uniq_crazy_yiuf_cottage, uniq_terence

Action                     || total
---------------------------++-------
  Melee: Unarmed           ||    44
         Tentacles         ||    13
         Constrict         ||    14
         Punch             ||     1
   Stab: Sleeping          ||     1
 Armour: Skin              ||    14
  Dodge: Dodged            ||    25

Table legend: (Time is in decaauts)
 A = Elapsed time spent in this place.
 B = Non-inter-level travel time spent in this place.
 C = Inter-level travel time spent in this place.
 D = Time resting spent in this place.
 E = Time spent auto-exploring this place.
 F = Levels seen in this place.
 G = Mean time per level.
                   A        B        C        D        E       F      G
               +--------+--------+--------+--------+--------+-----+--------+
         Total |    664 |    629 |     35 |      0 |    515 |   2 |  332.0 |
       Dungeon |    664 |    629 |     35 |      0 |    515 |   2 |  332.0 |
               +--------+--------+--------+--------+--------+-----+--------+

Top non-repeatable levels by time:
     D:1: 657 daAuts
     D:2: 7 daAuts
